[ AOE2 MATCH · #506472031 ]
UnrankedTeutons vs Bohemians
Player's team · WIN
Rival team · LOSS
[ REPLAY ANALYSIS · EXTRACTED FROM THE RECORDED GAME ]
Feudal
9:04
Castle
24:10
Imperial
—
| APM avg | 30.4 |
| APM peak | 64 |
| eAPM avg | 17.0 |
| Villagers / military | 84 / 0 |
Focus
⚔️ 20.1% · 🌾 79.9%
Feudal
10:18
Castle
16:58
Imperial
—
| APM avg | 34.7 |
| APM peak | 86 |
| eAPM avg | 18.9 |
| Villagers / military | 36 / 8 |
Focus
⚔️ 33.2% · 🌾 66.8%
Archer ×6 · Mangonel ×2
Match map
Initial resources + every placement click. Lines = walls · curves = elevation contours. ◆ gold · ⬟ stone · ● berries · ✦ relic · ◌ wall gap
Your base· ✓ Closed at 24:10 · 1t walls · 3 gate(s)
KiwiSid's base· ✓ Closed at 16:58 · 10t walls · 4 gate(s)
Smoothed initial terrain · ◌ = detected wall gap · hover for details
Inputs per minute
— VENI.VIDI.VICI. - - KiwiSid
Build order — VENI.VIDI.VICI.
139 actions detected in the replay
| 0:01 | Queue | Villager (Male) |
| 0:01 | Queue | Villager (Male) |
| 0:01 | Queue | Villager (Male) |
| 0:01 | Queue | Villager (Male) |
| 0:01 | Queue | Villager (Male) |
| 0:02 | Build | House |
| 0:03 | Build | House |
| 1:35 | Queue | Villager (Male) |
| 1:35 | Queue | Villager (Male) |
| 1:35 | Queue | Villager (Male) |
| 2:05 | Queue | Villager (Male) |
| 2:05 | Queue | Villager (Male) |
| 2:05 | Queue | Villager (Male) |
| 2:05 | Queue | Villager (Male) |
| 2:05 | Queue | Villager (Male) |
| 2:16 | Build | Lumber Camp |
| 2:45 | Queue | Villager (Male) |
| 2:45 | Queue | Villager (Male) |
| 2:45 | Queue | Villager (Male) |
| 2:45 | Queue | Villager (Male) |
| 3:41 | Queue | Villager (Male) |
| 3:41 | Queue | Villager (Male) |
| 3:41 | Queue | Villager (Male) |
| 3:41 | Queue | Villager (Male) |
| 3:49 | Build | House |
| 3:59 | Queue | Villager (Male) |
| 3:59 | Queue | Villager (Male) |
| 3:59 | Queue | Villager (Male) |
| 3:59 | Queue | Villager (Male) |
| 3:59 | Queue | Villager (Male) |
| 3:59 | Queue | Villager (Male) |
| 4:32 | Build | Mill |
| 5:14 | Queue | Villager (Male) |
| 5:15 | Queue | Villager (Male) |
| 5:15 | Queue | Villager (Male) |
| 5:40 | Build | Mining Camp |
| 5:59 | Build | House |
| 6:28 | Research | Loom |
| 6:51 | Research | Feudal Age |
| 7:26 | Queue | Villager (Male) |
| 7:26 | Queue | Villager (Male) |
| 7:27 | Queue | Villager (Male) |
| 7:27 | Queue | Villager (Male) |
| 7:27 | Queue | Villager (Male) |
| 9:04 | Age | Feudal Age |
| 9:09 | Build | Watch Tower |
| 9:19 | Queue | Villager (Male) |
| 9:19 | Queue | Villager (Male) |
| 9:27 | Research | Double-Bit Axe |
| 9:27 | Research | Double-Bit Axe |
| 10:24 | Build | House |
| 10:49 | Queue | Villager (Male) |
| 10:49 | Queue | Villager (Male) |
| 10:49 | Queue | Villager (Male) |
| 10:49 | Queue | Villager (Male) |
| 10:49 | Queue | Villager (Male) |
| 10:59 | Build | Watch Tower |
| 11:31 | Build | Watch Tower |
| 11:47 | Queue | Villager (Male) |
| 11:47 | Queue | Villager (Male) |
| 11:47 | Queue | Villager (Male) |
| 11:47 | Queue | Villager (Male) |
| 11:47 | Queue | Villager (Male) |
| 11:47 | Queue | Villager (Male) |
| 11:51 | Build | Blacksmith |
| 12:16 | Queue | Villager (Male) |
| 12:16 | Queue | Villager (Male) |
| 12:16 | Queue | Villager (Male) |
| 12:16 | Queue | Villager (Male) |
| 12:34 | Build | Watch Tower |
| 12:48 | Research | Fletching |
| 13:25 | Build | Watch Tower |
| 13:30 | Build | Palisade Wall |
| 13:44 | Queue | Villager (Male) |
| 13:44 | Queue | Villager (Male) |
| 13:44 | Queue | Villager (Male) |
| 14:00 | Build | Watch Tower |
| 14:21 | Queue | Villager (Male) |
| 14:21 | Queue | Villager (Male) |
| 14:21 | Queue | Villager (Male) |
| 14:39 | Build | Watch Tower |
| 14:48 | Queue | Villager (Male) |
| 14:48 | Queue | Villager (Male) |
| 14:48 | Queue | Villager (Male) |
| 15:29 | Build | House |
| 15:33 | Build | Farm |
| 15:33 | Build | Farm |
| 15:33 | Build | Farm |
| 15:34 | Build | Farm |
| 15:34 | Build | Farm |
| 15:34 | Build | Farm |
| 15:34 | Build | Farm |
| 15:34 | Build | Farm |
| 15:35 | Build | Farm |
| 15:35 | Build | Farm |
| 15:35 | Build | Farm |
| 15:35 | Build | Farm |
| 15:49 | Build | Watch Tower |
| 16:58 | Build | Watch Tower |
| 17:04 | Build | House |
| 17:10 | Queue | Villager (Male) |
| 17:10 | Queue | Villager (Male) |
| 17:10 | Queue | Villager (Male) |
| 17:10 | Queue | Villager (Male) |
| 17:10 | Queue | Villager (Male) |
| 17:57 | Queue | Villager (Male) ×3 |
| 17:57 | Queue | Villager (Male) ×3 |
| 17:57 | Queue | Villager (Male) |
| 17:57 | Queue | Villager (Male) |
| 17:57 | Queue | Villager (Male) |
| 18:28 | Build | Mining Camp |
| 18:33 | Build | Farm |
| 18:33 | Build | Farm |
| 18:33 | Build | Farm |
| 18:34 | Build | Farm |
| 18:34 | Build | Farm |
| 18:34 | Build | Farm |
| 18:34 | Build | Farm |
| 18:54 | Build | House |
| 19:23 | Build | Farm |
| 20:07 | Build | Watch Tower |
| 20:28 | Build | Watch Tower |
| 20:45 | Build | Market |
| 20:54 | Queue | Villager (Male) |
| 21:30 | Research | Castle Age |
| 22:09 | Build | Watch Tower |
| 23:28 | Queue | Villager (Male) |
| 23:29 | Queue | Villager (Male) |
| 23:29 | Queue | Villager (Male) |
| 24:10 | Age | Castle Age |
| 24:13 | Build | University |
| 24:15 | Research | Bodkin Arrow |
| 24:24 | Build | Town Center |
| 25:03 | Research | Guard Tower (upgrade) |
| 25:47 | Queue | Villager (Male) |
| 25:47 | Queue | Villager (Male) |
| 25:47 | Queue | Villager (Male) |
| 25:47 | Queue | Villager (Male) |
| 25:47 | Queue | Villager (Male) |
Build order — KiwiSid
78 actions detected in the replay
| 0:01 | Queue | Villager (Male) ×4 |
| 0:03 | Build | House |
| 0:04 | Build | House |
| 1:31 | Queue | Villager (Male) |
| 2:02 | Queue | Villager (Male) |
| 2:24 | Queue | Villager (Male) |
| 2:32 | Build | Lumber Camp |
| 2:59 | Queue | Villager (Male) |
| 3:24 | Queue | Villager (Male) |
| 3:48 | Queue | Villager (Male) |
| 3:48 | Queue | Villager (Male) |
| 3:55 | Build | House |
| 3:57 | Build | House |
| 4:04 | Build | House |
| 4:05 | Build | House |
| 4:09 | Queue | Villager (Male) |
| 4:09 | Queue | Villager (Male) |
| 4:26 | Queue | Villager (Male) |
| 4:26 | Queue | Villager (Male) |
| 4:35 | Build | House |
| 4:56 | Queue | Villager (Male) |
| 5:00 | Build | Mill |
| 5:21 | Queue | Villager (Male) |
| 5:31 | Queue | Villager (Male) |
| 5:47 | Queue | Villager (Male) |
| 5:47 | Queue | Villager (Male) |
| 5:47 | Queue | Villager (Male) |
| 7:18 | Queue | Villager (Male) |
| 7:25 | Research | Loom |
| 7:40 | Research | Feudal Age |
| 8:02 | Build | Mining Camp |
| 8:53 | Queue | Villager (Male) |
| 8:55 | Queue | Villager (Male) |
| 9:34 | Build | Barracks |
| 9:40 | Build | Palisade Wall |
| 10:16 | Build | Palisade Wall |
| 10:18 | Age | Feudal Age |
| 10:35 | Build | Blacksmith |
| 10:41 | Build | Stone Wall |
| 10:48 | Research | Double-Bit Axe |
| 10:58 | Build | Gate |
| 11:03 | Build | Stone Wall |
| 11:24 | Queue | Villager (Male) |
| 11:24 | Queue | Villager (Male) |
| 11:41 | Build | Stone Wall |
| 11:55 | Build | Mining Camp |
| 12:14 | Queue | Villager (Male) |
| 12:22 | Build | House |
| 12:28 | Build | House |
| 13:02 | Queue | Villager (Male) |
| 13:10 | Build | Archery Range |
| 13:19 | Build | House |
| 13:48 | Build | Lumber Camp |
| 14:18 | Research | Castle Age |
| 14:30 | Queue | Archer |
| 14:53 | Queue | Archer |
| 15:37 | Queue | Archer |
| 15:55 | Build | Mill |
| 16:25 | Queue | Archer |
| 16:49 | Queue | Archer |
| 16:58 | Age | Castle Age |
| 17:04 | Build | Siege Workshop |
| 18:19 | Queue | Archer |
| 18:50 | Queue | Villager (Male) |
| 18:55 | Build | Farm |
| 18:57 | Build | Farm |
| 19:41 | Queue | Mangonel |
| 20:41 | Queue | Villager (Male) |
| 20:46 | Build | Farm |
| 20:55 | Queue | Mangonel |
| 21:11 | Build | Mining Camp |
| 21:57 | Queue | Villager (Male) |
| 22:46 | Queue | Villager (Male) |
| 23:22 | Queue | Villager (Male) |
| 24:08 | Queue | Villager (Male) |
| 24:19 | Build | Farm |
| 25:05 | Queue | Villager (Male) |
| 25:51 | Queue | Villager (Male) |
Match timeline
| 9:04 | VENI.VIDI.VICI. · age_up feudal |
| 9:34 | KiwiSid · first_building Barracks |
| 9:40 | KiwiSid · wall_segment Palisade Wall x1 |
| 10:16 | KiwiSid · wall_segment Palisade Wall x7 |
| 10:18 | KiwiSid · age_up feudal |
| 10:41 | KiwiSid · wall_segment Stone Wall x1 |
| 11:03 | KiwiSid · wall_segment Stone Wall x1 |
| 11:41 | KiwiSid · wall_segment Stone Wall x1 |
| 13:10 | KiwiSid · first_building Archery Range |
| 13:30 | VENI.VIDI.VICI. · wall_segment Palisade Wall x1 |
| 16:58 | KiwiSid · age_up castle |
| 17:04 | KiwiSid · first_building Siege Workshop |
| 24:10 | VENI.VIDI.VICI. · age_up castle |
| 24:58 | VENI.VIDI.VICI. · first_market_buy 100 wood |
| 26:07 | KiwiSid · resign |
[ AI ANALYSIS · 1 CREDIT ]
What really happened in this match?
Wolo.gg analyzes every decision: build order, eco, micro, common mistakes by bracket. Personalized analysis on WhatsApp or Discord in 30 seconds.
Civ guide
Teutons
Perfil
Jugador #4507158